 Dungeon Crawl Stone Soup version 0.32-a0-5-gbffa963729 (webtiles) character file.

Game seed: 16400057421261871255

24537 Flugslaktarn the Warrior (level 12, -2/121 HPs)
             Began as a Minotaur Fighter on Jan 13, 2024.
             Was a High Priest of Cheibriados.
             Slain by a 12-headed hydra (4 damage)
             ... on level 3 of the Lair of Beasts.
             The game lasted 00:07:09 (12904 turns).

Flugslaktarn the Warrior (Minotaur Fighter)        Turns: 12904, Time: 00:07:10

Health: -2/121     AC: 20    Str: 41    XL:     12   Next: 81%
Magic:  11/11      EV: 16    Int: 18    God:    Cheibriados [*****.]
Gold:   897        SH:  0    Dex: 23    Spells: 11/11 levels left

rFire   + . .        u - +6 battleaxe "Dissoiph" {venom, Stlth+}
rCold   + . .        (shield currently unavailable)
rNeg    . . .        v - +0 chain mail
rPois   .            (helmet restricted)
rElec   .            E - +0 cloak
rCorr   .            F - +2 pair of gloves
SInv    +            G - +2 pair of boots
Will    .....        D - amulet of regeneration
Stlth   +            a - ring of the Oni {Fly rC+ Str+2 SInv}
HPRegen 1.20/turn    f - ring of protection from fire
MPRegen 0.12/turn

%: clarity
@: marked, flying, very slow
A: horns 2, retaliatory headbutt, camouflage 1, clarity, noise suppression
a: Renounce Religion, Bend Time, Temporal Distortion, Slouch, Step From Time


You were on level 3 of the Lair of Beasts.
You worshipped Cheibriados.
Cheibriados was extremely pleased with you.
You visited 3 branches of the dungeon, and saw 15 of its levels.
You also visited: Sewer.

You collected 994 gold pieces.
You spent 97 gold pieces at shops.

Inventory:

Hand Weapons
 p - a +4 battleaxe
   (You took it off a wight on level 6 of the Dungeon)
 u - the +6 battleaxe "Dissoiph" (weapon) {venom, Stlth+}
   (You acquired it on level 1 of the Lair of Beasts)

   Stlth+:    It makes you more stealthy.
 x - a +1 war axe of flaming
   (You took it off Maggie on level 8 of the Dungeon)
Armour
 k - a +0 buckler
 v - a +0 chain mail (worn)
   (You took it off an orc on level 6 of the Dungeon)
 E - a +0 cloak (worn)
   (You found it on level 9 of the Dungeon)
 F - a +2 pair of gloves (worn)
   (You found it on level 9 of the Dungeon)
 G - a +2 pair of boots (worn)
   (You found it on level 4 of the Dungeon)
Jewellery
 a - the ring of the Oni (left hand) {Fly rC+ Str+2 SInv}
   (You found it on level 2 of the Lair of Beasts)

   [ring of flight]

   Str+2:     It affects your strength (+2).
   rC+:       It protects you from cold.
   SInv:      It lets you see invisible.
   Fly:       It grants you flight.
 c - a ring of protection from cold
   (You found it on level 3 of the Dungeon)
 f - a ring of protection from fire (right hand)
   (You found it on level 1 of the Lair of Beasts)
 D - an amulet of regeneration (around neck)
   (You took it off Erica on level 8 of the Dungeon)
Wands
 b - a wand of roots (25)
   (You took it off Maggie on level 8 of the Dungeon)
 j - a wand of paralysis (3)
   (You found it on level 4 of the Dungeon)
 l - a wand of mindburst (13)
   (You found it on level 6 of the Dungeon)
 C - a wand of acid (4)
   (You found it on level 9 of the Dungeon)
Scrolls
 e - 3 scrolls of enchant weapon
 m - 3 scrolls of revelation
 o - 2 scrolls of summoning
 t - 7 scrolls of teleportation
 y - a scroll of fog
 z - 6 scrolls of blinking
Potions
 d - a potion of might
 g - 2 potions of berserk rage
 h - 4 potions of haste
 i - 2 potions of invisibility
 n - 2 potions of resistance
 q - 4 potions of curing
 s - 2 potions of mutation
 w - a potion of heal wounds
 A - 3 potions of lignification
 B - a potion of brilliance {unknown}


   Skills:
 * Level 15.4 Fighting
 * Level 15.3 Axes
 + Level 11.1 Armour
 + Level 7.6 Dodging
 - Level 7.2 Shields


You had 11 spell levels left.
You didn't know any spells.
Your spell library contained the following spells:

 Spells                   Type           Power      Damage    Failure   Level
 Kiss of Death            Conj/Necr      0%         2d5       45%         1
 Cigotuvi's Dreadful Rot  Necr/Alch/Air  0%         N/A       61%         2
 Confusing Touch          Hex            0%         N/A       83%         3
 Fugue of the Fallen      Necr           0%         N/A       83%         3
 Ozocubu's Armour         Ice            0%         N/A       83%         3
 Dispel Undead            Necr           0%         3d6       99%         4
 Ignite Poison            Fire/Alch      0%         N/A       99%         4
 Leda's Liquefaction      Alch/Erth      0%         N/A       99%         4
 Manifold Assault         Tloc           0%         N/A       99%         4
 Sticky Flame             Fire/Alch      0%         2d4       99%         4
 Alistair's Intoxication  Alch           0%         N/A       100%        5
 Borgnjor's Vile Clutch   Necr/Erth      0%         N/A       100%        5
 Freezing Cloud           Conj/Ice/Air   0%         6-21      100%        5
 Lee's Rapid Deconstruct  Erth           0%         3d4*      100%        5
 Bombard                  Conj/Erth      0%         9d1       100%        6
 Eringya's Noxious Bog    Alch           0%         4d6       100%        6
 Ignition                 Fire           0%         3d3       100%        8


Dungeon Overview and Level Annotations

Branches:
Dungeon (11/15)            Temple (1/1) D:5            Lair (3/5) D:9
 Spider (0/4) Lair:2        Sewer (visited)
  Swamp: Lair:2-3    Shoals: Lair:2-3       Orc: D:9-12

Altars:
Ashenzari
Cheibriados
Dithmenos
Elyvilon
Fedhas
Gozag
Hepliaklqana
Kikubaaqudgha
Makhleb
Nemelex Xobeh
Okawaru
Qazlal
Ru
Sif Muna
Trog
Uskayaw
Vehumet
Wu Jian
Xom
Yredelemnul
Zin
The Shining One

Shops:
D:2 ?   D:3 =   D:4 (*

Annotations:
D:4 2 transporters, lugworm's ghost, novice NaSh


Innate Abilities, Weirdness & Mutations

You have a pair of horns on your head.
You reflexively headbutt those who attack you in melee.
Your skin changes colour to match your surroundings (Stealth+).
You possess an exceptional clarity of mind.
You passively dampen the noise of your surroundings.


Message History

The eight-headed hydra bites you but does no damage.
The blink frog hits you!
You hit the blink frog.
The blink frog is poisoned.
Your headbutt misses the blink frog.
The blink frog is almost dead.
You closely miss the blink frog.
You chop one of the eight-headed hydra's heads off!
The seven-headed hydra grows two more!
You slice the nine-headed hydra!! You barely miss the rime drake.
The rime drake closely misses you. You furiously retaliate!
You headbutt the rime drake!!
You kill the rime drake!
Cheibriados thoroughly appreciates the change of pace.
The blink frog misses you. You furiously retaliate!
You headbutt the blink frog!
You kill the blink frog!
Cheibriados appreciates the change of pace.
The blink frog hits you but does no damage.
The nine-headed hydra bites you.
The nine-headed hydra bites you but does no damage.
The nine-headed hydra barely misses you. x2
The nine-headed hydra bites you. The nine-headed hydra misses you.
The nine-headed hydra completely misses you.
The nine-headed hydra bites you.
The nine-headed hydra bites you but does no damage.
You hack one of the nine-headed hydra's heads off!
The eight-headed hydra grows two more!
You slash the ten-headed hydra! You headbutt the ten-headed hydra!
The ten-headed hydra is severely wounded.
You slice the blink frog!!
You kill the blink frog!
Cheibriados appreciates the change of pace.
The ten-headed hydra closely misses you.
The ten-headed hydra bites you but does no damage. x2
The ten-headed hydra closely misses you.
The ten-headed hydra bites you but does no damage.
The ten-headed hydra barely misses you. x2
The ten-headed hydra bites you but does no damage.
The ten-headed hydra completely misses you.
The ten-headed hydra bites you.
You slice one of the ten-headed hydra's heads off!
The nine-headed hydra grows two more!
You cut the 11-headed hydra into ribbons!!!
Your headbutt misses the 11-headed hydra.
The 11-headed hydra is almost dead.
You slash the basilisk!
The basilisk is poisoned.
The basilisk completely misses you. You furiously retaliate!
You headbutt the basilisk! The 11-headed hydra closely misses you.
The 11-headed hydra bites you but does no damage. x2
The 11-headed hydra barely misses you.
The 11-headed hydra bites you but does no damage. x3
The 11-headed hydra bites you! The 11-headed hydra bites you.
The 11-headed hydra misses you.
The 11-headed hydra completely misses you.
You barely miss the 11-headed hydra.
The 11-headed hydra is almost dead.
You slash the basilisk!
You kill the basilisk!
Cheibriados appreciates the change of pace.
The 11-headed hydra bites you but does no damage.
The 11-headed hydra bites you. The 11-headed hydra barely misses you.
The 11-headed hydra bites you but does no damage.
The 11-headed hydra closely misses you.
The 11-headed hydra completely misses you.
The 11-headed hydra bites you!
* * * LOW HITPOINT WARNING * * *
The 11-headed hydra bites you but does no damage. x2
The 11-headed hydra bites you!
* * * LOW HITPOINT WARNING * * *
The 11-headed hydra bites you but does no damage.
You are too injured to fight recklessly!
You are too injured to fight recklessly!
You are too injured to fight recklessly!
You are too injured to fight recklessly!
You hack one of the 11-headed hydra's heads off!
The ten-headed hydra grows two more!
You slash the 12-headed hydra!
The 12-headed hydra is almost dead.
The 12-headed hydra bites you!
* * * LOW HITPOINT WARNING * * *
The 12-headed hydra misses you.
The 12-headed hydra bites you but does no damage. x2
The 12-headed hydra bites you!
* * * LOW HITPOINT WARNING * * *
The 12-headed hydra barely misses you.
The 12-headed hydra bites you but does no damage. x2
The 12-headed hydra closely misses you. x2
The 12-headed hydra bites you but does no damage.
The 12-headed hydra closely misses you.
Okay, then.
Okay, then.
You barely miss the 12-headed hydra.
The 12-headed hydra is almost dead.
The 12-headed hydra bites you but does no damage.
The 12-headed hydra barely misses you. The 12-headed hydra bites you.
* * * LOW HITPOINT WARNING * * *
The 12-headed hydra completely misses you.
The 12-headed hydra bites you.
* * * LOW HITPOINT WARNING * * *
The 12-headed hydra misses you.
The 12-headed hydra closely misses you. x2
The 12-headed hydra bites you.
You die...

...... #....## ..
##.....# ##.## #.†††.#
#...### . ##...†.####
###...#..#..
###†...##.###.##P.......
......†##..P.#.#.......#
.......................#
................@D......
...............††.......
#.#.#....#..#P#.........
##.###>.#######.........
### #..# ##....###.
#...# #....# ##..#
#....# .....#


You could see a 12-headed hydra.

Vanquished Creatures
  Erica (D:8)
  A boulder beetle (D:11)
  3 two-headed ogres
  A skeletal warrior (D:11)
  Pikel (D:6)
  An ugly thing (D:11)
  5 elephants (Lair:2)
  Joseph (D:8)
  6 black mambas
  7 cane toads
  A gargoyle (D:10)
  Maggie (D:8)
  3 rime drakes
  3 komodo dragons
  2 trolls (D:11)
  A polar bear (Lair:1)
  8 blink frogs (Lair:3)
  Sigmund (D:3)
  A wyvern (Lair:2)
  2 shadows
  20 yaks
  2 basilisks
  A steam dragon (Lair:2)
  2 acid dragons
  6 water moccasins
  An orc warrior (D:9)
  4 ice beasts
  Pargi (Sewer)
  A sky beast (D:7)
  3 black bears
  13 wolves
  3 centaurs
  4 ogres
  A lemure (D:6)
  2 brain worms (Sewer)
  A gnoll sergeant (D:6)
  8 bullfrogs
  3 scorpions
  4 wights
  10 killer bees
  4 howler monkeys
  2 bombardier beetles (D:6)
  2 jellies
  4 hounds
  5 orc priests
  A gnoll bouda (D:7)
  5 iguanas
  2 sleepcaps
  3 orc wizards
  13 gnolls
  15 adders
  3 white imps
  2 ufetubi (D:7)
  5 dart slugs
  2 ribbon worms (D:3)
  34 orcs
  11 ball pythons
  5 bats
  11 endoplasms
  3 giant cockroaches
  5 goblins
  4 hobgoblins
  A quokka (D:1)
  5 frilled lizards
  10 kobolds
  8 rats
305 creatures vanquished.

Notes
Turn   | Place    | Note
-------+----------+-------------------------------------------
     0 | D:1      | Flugslaktarn the Minotaur Fighter began the quest for the
                  | Orb.
     0 | D:1      | Reached XP level 1. HP: 19/19 MP: 0/0
   112 | D:1      | Reached XP level 2. HP: 27/27 MP: 1/1
   289 | D:1      | Reached XP level 3. HP: 33/33 MP: 2/2
   363 | D:1      | Found a faded altar of an unknown god.
   764 | D:2      | Reached XP level 4. HP: 41/41 MP: 3/3
   951 | D:2      | Noticed an ogre
   953 | D:2      | Gained mutation: You possess an exceptional clarity of
                  | mind. [potion of mutation]
   953 | D:2      | Gained mutation: Your flesh is heat resistant. (rF+)
                  | [potion of mutation]
   953 | D:2      | Gained mutation: You are frail. (-10% HP) [potion of
                  | mutation]
   958 | D:2      | Killed an ogre
   959 | D:2      | Reached skill level 5 in Fighting
   959 | D:2      | Reached XP level 5. HP: 12/43 MP: 4/4
  1011 | D:2      | Lost mutation: Your flesh is heat resistant. (rF+) [potion
                  | of mutation]
  1011 | D:2      | Lost mutation: You are frail. (-10% HP) [potion of
                  | mutation]
  1011 | D:2      | Gained mutation: Your skin changes colour to match your
                  | surroundings (Stealth+). [potion of mutation]
  1011 | D:2      | Gained mutation: You passively dampen the noise of your
                  | surroundings. [potion of mutation]
  1188 | D:2      | Found Imocame's Magic Scroll Boutique.
  1451 | D:2      | Bought a scroll of blinking for 97 gold pieces
  1575 | D:3      | Noticed Sigmund
  1583 | D:3      | Killed Sigmund
  1584 | D:3      | Reached skill level 5 in Axes
  1584 | D:3      | Reached XP level 6. HP: 48/57 MP: 5/5
  1630 | D:3      | Found Uwuxtot's Jewellery Shop.
  1697 | D:3      | Found a glowing silver altar of Zin.
  2435 | D:4      | Reached skill level 5 in Armour
  2458 | D:4      | Noticed lugworm's ghost (novice NaSh)
  2460 | D:4      | Found a transporter.
  2478 | D:4      | Found a transporter.
  2550 | D:4      | Found Huvemeed's Weapon Boutique.
  2566 | D:4      | Reached skill level 5 in Shields
  2566 | D:4      | Reached XP level 7. HP: 63/63 MP: 6/6
  3042 | D:4      | Found Lauka's Luxury Loot.
  3393 | D:5      | Entered Level 5 of the Dungeon
  3439 | D:5      | Found a glowing drain.
  3456 | Sewer    | Entered a sewer
  3653 | Sewer    | Noticed Pargi
  3661 | Sewer    | Killed Pargi
  3792 | D:5      | Reached XP level 8. HP: 56/73 MP: 7/7
  4032 | D:5      | Found a staircase to the Ecumenical Temple.
  4818 | D:6      | Noticed Pikel
  4854 | D:6      | Killed Pikel
  4855 | D:6      | Reached XP level 9. HP: 51/83 MP: 8/8
  6255 | D:7      | Reached skill level 10 in Fighting
  6361 | Temple   | Entered the Ecumenical Temple
  6386 | Temple   | Became a worshipper of Cheibriados the Contemplative
  6560 | D:7      | Reached skill level 1 in Dodging
  6565 | D:7      | Reached skill level 10 in Axes
  6668 | D:7      | Identified the +0 robe of Focus {Str+3 Int+2}
  7061 | D:8      | Noticed Maggie
  7071 | D:8      | Killed Maggie
  7072 | D:8      | Reached * piety under Cheibriados
  7308 | D:8      | Noticed a two-headed ogre
  7316 | D:8      | Killed a two-headed ogre
  7317 | D:8      | Reached XP level 10. HP: 92/94 MP: 9/9
  7411 | D:8      | Noticed Joseph
  7422 | D:8      | Killed Joseph
  7888 | D:8      | Noticed Erica
  7899 | D:8      | Killed Erica
  8584 | D:9      | Reached ** piety under Cheibriados
  9015 | D:9      | Found a staircase to the Lair.
  9254 | D:10     | Entered Level 10 of the Dungeon
  9346 | D:10     | Noticed a two-headed ogre
  9358 | D:10     | Killed a two-headed ogre
  9409 | D:10     | Noticed a gargoyle
  9413 | D:10     | Killed a gargoyle
  9559 | D:10     | Reached XP level 11. HP: 82/105 MP: 10/10
  9740 | D:11     | Noticed a brown ugly thing
  9745 | D:11     | Killed a brown ugly thing
  9766 | D:11     | Identified the +1 falchion of Valour {freeze, Dex+6}
  9787 | D:11     | Reached *** piety under Cheibriados
  9837 | D:11     | Found a hide-covered altar of Uskayaw.
  9923 | D:11     | Noticed a two-headed ogre
  9930 | D:11     | Killed a two-headed ogre
  9931 | D:11     | Reached skill level 5 in Dodging
  9992 | D:11     | Noticed a boulder beetle
  9997 | D:11     | Killed a boulder beetle
 10151 | D:11     | Noticed a skeletal warrior
 10151 | D:11     | Noticed a skeletal warrior
 10151 | D:11     | Noticed a skeletal warrior
 10307 | D:11     | Noticed a skeletal warrior
 10314 | D:11     | Killed a skeletal warrior
 10510 | Lair:1   | Entered Level 1 of the Lair of Beasts
 10760 | Lair:1   | Reached **** piety under Cheibriados
 10774 | Lair:1   | Reached skill level 10 in Armour
 10823 | Lair:1   | Identified a scroll of acquirement
 10929 | Lair:1   | Acquired the +6 battleaxe "Dissoiph" {venom, Stlth+}
 11063 | Lair:1   | Found a glowing golden altar of the Shining One.
 11553 | Lair:2   | Found a hole to the Spider Nest.
 11618 | Lair:2   | Found an ancient bone altar of Kikubaaqudgha.
 11665 | Lair:2   | Reached XP level 12. HP: 108/117 MP: 11/11
 11900 | Lair:2   | Reached ***** piety under Cheibriados
 11930 | Lair:2   | Identified the ring of the Oni {Fly rC+ Str+2 SInv}
 12809 | Lair:3   | Reached skill level 15 in Fighting
 12818 | Lair:3   | Reached skill level 15 in Axes
 12891 | Lair:3   | Noticed a seven-headed hydra
 12903 | Lair:3   | HP: 5/121 [12-headed hydra (12)]
 12904 | Lair:3   | HP: 2/121 [12-headed hydra (1)]
 12904 | Lair:3   | Slain by a 12-headed hydra

Illustrated notes

Levels and vault maps discovered:
D:1:      psy_arrival_fountain, layout_basic, ebering_ecumenical_altar_rust
D:2:      layout_loops_ring, serial_shops, nicolae_shop_waterfront
D:3:      layout_rooms, zin_statuary, serial_shops, shop,
          kennysheep_generic_room_15, uniq_sigmund
D:4:      layout_gridville, serial_shops, shop, gammafunk_ghost_smash,
          nicolae_alphabet_shops
D:5:      layout_loops_ring, temple_fountains, cheibrodos_sewer_entry_sluice
D:6:      layout_gridville, minivault_10, skrybe_limestone_x, minmay_bent,
          uniq_pikel
D:7:      layout_rooms, st_stairs_7
D:8:      layout_basic, uniq_maggie, uniq_joseph, uniq_erica
D:9:      layout_basic, dpeg_oklobed_lair
D:10:     layout_cross
D:11:     layout_irregular_city, nicolae_uskayaw_murder_on_the_dancefloor
Temple:   compressed_dpeg_circular_temple
Lair:1:   layout_loops_ring, basic_altar, lemuel_fruit_tree,
          infiniplex_staircase_pool
Lair:2:   layout_cave_pods, spider_nest_entry_web_field, basic_altar,
          beast_lair_carwin_6
Lair:3:   layout_chaotic_city, minmay_shoals_entry_hut

Skill      XL: |  1  2  3  4  5  6  7  8  9 10 11 12 |
---------------+-------------------------------------+-----
Fighting       | 4 5 6 7 9 10 12 14 15 | 15.4
Axes           | 3 4 5 7 8 10 12 13 15 | 15.3
Armour         | 4 5 6 7 8 10 11 | 11.1
Shields        | 4 5 6 7 |  7.2
Dodging        | 2 4 6 7 |  7.6

Action                     |  1- 3 |  4- 6 |  7- 9 | 10-12 || total
---------------------------+-------+-------+-------+-------++-------
  Melee: War axe           |    73 |    68 |   218 |       ||   359
         Headbutt          |    11 |    10 |    50 |    57 ||   128
         Battleaxe         |       |       |    57 |   296 ||   353
  Evoke: Wand              |       |       |     1 |     1 ||     2
    Use: Potion            |       |     4 |     2 |     3 ||     9
         Scroll            |       |     7 |     6 |    10 ||    23
   Stab: Invisible         |       |       |     2 |       ||     2
         Paralysed         |       |       |     2 |       ||     2
         Sleeping          |       |       |       |     1 ||     1
 Armour: Scale mail        |    49 |    54 |   219 |       ||   322
         Chain mail        |       |       |    15 |   403 ||   418
  Dodge: Dodged            |    38 |    25 |   137 |   258 ||   458
  Block: Buckler           |    22 |    15 |    62 |       ||    99

Table legend: (Time is in decaauts)
 A = Elapsed time spent in this place.
 B = Non-inter-level travel time spent in this place.
 C = Inter-level travel time spent in this place.
 D = Time resting spent in this place.
 E = Time spent auto-exploring this place.
 F = Levels seen in this place.
 G = Mean time per level.
                   A        B        C        D        E       F      G
               +--------+--------+--------+--------+--------+-----+--------+
         Total |  15886 |  15031 |    855 |   1300 |  11639 |  16 |  992.9 |
       Dungeon |  11630 |  10919 |    711 |   1178 |   8143 |  11 | 1057.3 |
        Temple |     57 |      2 |     55 |      0 |      0 |   1 |   57.0 |
          Lair |   3850 |   3762 |     88 |     96 |   3317 |   3 | 1283.3 |
         Sewer |    347 |    347 |      0 |     26 |    179 |   1 |  347.0 |
               +--------+--------+--------+--------+--------+-----+--------+

Top non-repeatable levels by time:
  Lair:2: 2063 daAuts
     D:8: 1838 daAuts
     D:6: 1718 daAuts
  Lair:1: 1630 daAuts
     D:4: 1184 daAuts
     D:9: 1117 daAuts
    D:11: 1028 daAuts
     D:5: 1026 daAuts
     D:2: 991 daAuts
     D:7: 762 daAuts
    D:10: 694 daAuts
     D:3: 660 daAuts
     D:1: 606 daAuts
   Sewer: 347 daAuts
  Lair:3: 156 daAuts
